 Dungeon Crawl Stone Soup version 0.31.0-11-ge490571c62 (webtiles) character file.

Game seed: 10163288878999734052

10131 Bishop the Thaumaturge (level 11, -8/76 HPs)
             Began as a Demonspawn Earth Elementalist on Jan 29, 2024.
             Was a Believer of Dithmenos.
             Mangled by Erolcha
             ... wielding a +0 giant club
              (19 damage)
             ... on level 10 of the Dungeon.
             The game lasted 00:30:54 (10589 turns).

Bishop the Thaumaturge (DsEE)                      Turns: 10589, Time: 00:30:54

Health: -8/76      AC:  6    Str: 14    XL:     11   Next: 32%
Magic:  0/23       EV: 14    Int: 15    God:    Dithmenos [**....]
Gold:   1801       SH:  0    Dex: 22    Spells: 12/27 levels left

rFire   . . .        u - +8 short sword of Nesuaxtu {freeze, rPois rC+}
rCold   + . .        l - orb {guile}
rNeg    . . .        m - +0 troll leather armour
rPois   +            d - +1 hat of Mufiph Sets {rPois Dex+3}
rElec   .            (no cloak)
rCorr   .            (no gloves)
SInv    .            x - +1 pair of boots
Will    .....        a - amulet of the acrobat
Stlth   ++++         z - +6 ring of strength
HPRegen 1.12/turn    k - ring of poison resistance
MPRegen 0.36/turn

%: acrobat, guardian spirit
@: wreathed by umbra
A: horns 2, powered by death 2, magic shield, magic regeneration
a: Renounce Religion, Shadow Step


You were on level 10 of the Dungeon.
You worshipped Dithmenos.
Dithmenos was pleased with you.
You visited 2 branches of the dungeon, and saw 11 of its levels.

You collected 1801 gold pieces.

Inventory:

Hand Weapons
 g - the +4 morningstar of the Harvest {flame, Int+3}
   (You found it on level 7 of the Dungeon)

   Int+3:     It affects your intelligence (+3).
 r - a +5 dagger of electrocution
 u - the +8 short sword of Nesuaxtu (weapon) {freeze, rPois rC+}
   (You found it on level 4 of the Dungeon)

   rC+:       It protects you from cold.
   rPois:     It protects you from poison
 B - the +7 lajatang of Order {silver, rMut}
   (You found it on level 7 of the Dungeon)

   rMut:      It protects you from mutation.
Missiles
 w - 2 silver javelins
 I - 2 atropa-tipped darts
Armour
 d - the +1 hat of Mufiph Sets (worn) {rPois Dex+3}
   (You acquired it on level 6 of the Dungeon)

   Dex+3:     It affects your dexterity (+3).
   rPois:     It protects you from poison
 l - an orb of guile (worn)
 m - a +0 troll leather armour (worn)
 x - a +1 pair of boots (worn)
Jewellery
 a - an amulet of the acrobat (around neck)
 k - a ring of poison resistance (right hand)
 z - a +6 ring of strength (left hand)
 E - a ring of willpower
 J - an amulet of faith
 L - the ring "Cuysy" {Fly rPois rCorr Stlth+}
   (You found it on level 9 of the Dungeon)

   [ring of flight]

   rPois:     It protects you from poison Fly: It grants you flight.
   rCorr:     It protects you from acid and corrosion.
   Stlth+:    It makes you more stealthy.
Talismans
 o - a beast talisman
 s - a granite talisman
 G - a serpent talisman
Wands
 p - a wand of polymorph (4)
 K - a wand of digging (5)
Scrolls
 c - 4 scrolls of teleportation
 e - 2 scrolls of vulnerability
 n - a scroll of brand weapon {unknown}
 q - 2 scrolls of blinking {unknown}
 t - a scroll of enchant armour {unknown}
 A - a scroll of immolation {unknown}
 C - a scroll of revelation {unknown}
 F - a scroll of fog {unknown}
 H - 4 scrolls of identify
Potions
 b - a potion of magic
 f - a potion of brilliance {unknown}
 i - 6 potions of curing
 j - 2 potions of might
 v - 2 potions of enlightenment {unknown}
 D - a potion of invisibility {unknown}
 M - a potion of attraction {unknown}


   Skills:
 + Level 3.8 Fighting
 + Level 4.5 Short Blades
 + Level 2.0 Throwing
 + Level 2.9 Armour
 + Level 4.6 Dodging
 + Level 5.6 Stealth
 + Level 8.8 Spellcasting
 + Level 6.4 Conjurations
 + Level 8.7 Earth Magic


You had 12 spell levels left.
You knew the following spells:

 Your Spells              Type           Power      Damage    Failure   Level
a - Sandblast             Erth           64%        2d14      1%          1
b - Passwall              Erth           32%        N/A       1%          3
c - Stone Arrow           Conj/Erth      58%        3d10      1%          3
d - Petrify               Alch/Erth      19%        N/A       22%         4
e - Brom's Barrelling Bo  Conj/Erth      29%        2d5       6%          4

Your spell library contained the following spells:

 Spells                   Type           Power      Damage    Failure   Level
 Static Discharge         Conj/Air       32%        3-5/arc   5%          2
 Summon Small Mammal      Summ           24%        N/A       14%         1
 Call Canine Familiar     Summ           6%         N/A       38%         3
 Airstrike                Air            3%         2d(1-17)  80%         4
 Animate Dead             Necr           6%         N/A       80%         4
 Summon Blazeheart Golem  Fire/Summ      6%         N/A       80%         4
 Summon Lightning Spire   Summ/Air       6%         N/A       80%         4
 Haunt                    Necr/Summ      3%         N/A       100%        7
 Infestation              Necr           3%         N/A       100%        8


Dungeon Overview and Level Annotations

Branches:
Dungeon (10/15)            Temple (1/1) D:7
   Lair: D:8-11         Orc: D:9-12

Altars:
Ashenzari
Dithmenos
Fedhas
Gozag
Hepliaklqana
Kikubaaqudgha
Makhleb
Nemelex Xobeh
Okawaru
Qazlal
Ru
Sif Muna
Trog
Uskayaw
Vehumet
Wu Jian
Xom
Yredelemnul

Shops:
D:8 :

Annotations:
D:7 2 runed translucent doors
D:10 Erolcha, Grum


Innate Abilities, Weirdness & Mutations

You have a pair of horns on your head.
You regenerate health from kills.
When hurt, damage is shared between your health and your magic reserves.
You regenerate magic rapidly.


Message History

You don't have enough magic to cast this spell.
You don't have enough magic to cast this spell.
You don't have enough magic to cast this spell.
You throw a curare-tipped dart. The curare-tipped dart hits the wolf.
The wolf is poisoned.
The wolf struggles to breathe.
The wolf seems to slow down.
The wolf is severely wounded.
The wolf bites you! Grum barely misses you.
You throw a curare-tipped dart.
The curare-tipped dart closely misses the wolf.
The curare-tipped dart hits Grum.
Grum is poisoned.
Grum struggles to breathe.
Grum seems to slow down.
Grum is moderately wounded.
The wolf misses you. Grum barely misses you.
You throw a curare-tipped dart. The curare-tipped dart hits the wolf.
The wolf looks as sick as possible!
The wolf struggles to breathe.
You kill the wolf!
Dithmenos accepts your kill.
You throw a curare-tipped dart.
The curare-tipped dart barely misses Grum.
Grum barely misses you.
You throw a curare-tipped dart.
The curare-tipped dart closely misses Grum.
Something hits you!! Grum closely misses you.
Nothing quivered!
Unknown command.
You are too injured to fight recklessly!
Things that are here:
2 curare-tipped darts; a wolf corpse You puncture Grum!
You freeze Grum.
Grum is heavily wounded.
Grum hits you with a +1 halberd. Something hits you!
You hit Grum. You freeze Grum.
Grum is severely wounded.
You closely miss Grum. You headbutt Grum!
Grum is almost dead.
Grum hits you with a +1 halberd!
* * * LOW HITPOINT WARNING * * *
Something hits you!!
You die...

##.......~#..#.......<...........
#............#..##............###
#......#..#.##..######...####.##
##........#.##..# #..........
#..##......g....# #....#.#.#.#
.#. ##.#.####.#h### #...........
### #....##...#...# ##.....⌠....
#.......#####g# #........_
#.##.##...#.@.# #.#...⌠[..
......####.#.### #.#.......
....#### #...# ..#.#.#.#. ###
##### .. ......


You could see Grum (poisoned, slow).

Vanquished Creatures
  A centaur warrior (D:9)
  3 two-headed ogres
  A death drake (D:8)
  A cyclops (D:7)
  An unseen horror (D:8)
  Maggie (D:10)
  Jeremiah (D:7)
  2 trolls (D:7)
  A polar bear (D:10)
  Sigmund (D:5)
  A yak (D:7)
  A wyvern (D:9)
  Menkaure (D:6)
  3 water moccasins
  2 orc warriors
  6 ice beasts
  4 black bears
  A sky beast (D:7)
  4 wolves (D:10)
  A phantom (D:4)
  3 centaurs
  A kobold brigand (D:8)
  2 bullfrogs
  A gnoll sergeant (D:8)
  2 scorpions
  10 wights (D:9)
  16 killer bees
  2 howler monkeys
  2 bombardier beetles
  3 jellies
  6 orc priests
  A hound (D:6)
  3 gnoll boudas
  Jessica (D:3)
  2 sleepcaps
  An iguana (D:7)
  9 orc wizards
  17 gnolls
  7 adders
  A white imp (D:7)
  2 dart slugs (D:1)
  A ribbon worm (D:2)
  22 orcs
  4 ball pythons
  6 endoplasms
  2 giant cockroaches
  4 hobgoblins
  7 jackals
  7 kobolds
  5 quokkas
  3 bats
  4 frilled lizards
  7 goblins
  3 rats (D:2)
204 creatures vanquished.

Notes
Turn   | Place    | Note
-------+----------+-------------------------------------------
     0 | D:1      | Bishop the Demonspawn Earth Elementalist began the quest
                  | for the Orb.
     0 | D:1      | Reached XP level 1. HP: 13/13 MP: 3/3
   184 | D:1      | Gained mutation: You regenerate a little health from kills.
                  | [demonic ancestry]
   184 | D:1      | Reached XP level 2. HP: 14/19 MP: 3/5
   886 | D:2      | Gained mutation: You regenerate magic rapidly. [demonic
                  | ancestry]
   886 | D:2      | Reached XP level 3. HP: 24/24 MP: 3/6
   890 | D:2      | Learned a level 3 spell: Passwall
  1570 | D:3      | Gained mutation: You have a pair of small horns on your
                  | head. [demonic ancestry]
  1570 | D:3      | Reached XP level 4. HP: 28/30 MP: 4/8
  2239 | D:3      | Noticed Jessica
  2244 | D:3      | Killed Jessica
  2245 | D:3      | Reached XP level 5. HP: 35/35 MP: 9/9
  2393 | D:4      | Learned a level 3 spell: Stone Arrow
  2565 | D:4      | Noticed a phantom
  2573 | D:4      | Killed a phantom
  2620 | D:4      | Identified the +8 short sword of Nesuaxtu {freeze, rPois
                  | rC+}
  2688 | D:4      | Reached XP level 6. HP: 41/41 MP: 11/11
  3194 | D:4      | Learned a level 4 spell: Petrify
  3221 | D:5      | Entered Level 5 of the Dungeon
  3248 | D:5      | Noticed Sigmund
  3258 | D:5      | Killed Sigmund
  3317 | D:5      | Reached skill level 1 in Short Blades
  3317 | D:5      | Reached XP level 7. HP: 42/47 MP: 11/14
  3376 | D:5      | Found an iron altar of Okawaru.
  3917 | D:6      | Reached skill level 5 in Spellcasting
  3917 | D:6      | Reached skill level 5 in Earth Magic
  3969 | D:6      | Reached skill level 1 in Fighting
  4174 | D:6      | Noticed Menkaure
  4180 | D:6      | Killed Menkaure
  4181 | D:6      | Gained mutation: When hurt, damage is shared between your
                  | health and your magic reserves. [demonic ancestry]
  4181 | D:6      | Reached XP level 8. HP: 28/54 MP: 7/16
  5073 | D:6      | Learned a level 4 spell: Brom's Barrelling Boulder
  5078 | D:6      | Identified 2 scrolls of acquirement
  5078 | D:6      | Acquired 1201 gold pieces
  5080 | D:6      | Acquired the +1 hat of Mufiph Sets {rPois Dex+3}
  5226 | D:7      | Found a staircase to the Ecumenical Temple.
  5376 | Temple   | Entered the Ecumenical Temple
  5446 | Temple   | Became a worshipper of Dithmenos the Shadowed
  5626 | D:7      | Noticed Jeremiah
  5635 | D:7      | Killed Jeremiah
  5636 | D:7      | Gained mutation: You have a pair of horns on your head.
                  | [demonic ancestry]
  5636 | D:7      | Reached XP level 9. HP: 54/61 MP: 9/19
  5795 | D:7      | Found a large runed translucent door.
  5797 | D:7      | Found a large runed translucent door.
  5798 | D:7      | Noticed a two-headed ogre
  5798 | D:7      | Found the +7 lajatang of Order {silver, rMut}
  5799 | D:7      | Noticed a troll
  6196 | D:7      | Killed a two-headed ogre
  6197 | D:7      | Reached skill level 1 in Throwing
  6197 | D:7      | Reached skill level 5 in Stealth
  6203 | D:7      | Killed a troll
  6545 | D:7      | Found a large runed translucent door.
  6545 | D:7      | Found a large runed translucent door.
  6591 | D:7      | Noticed a troll
  6597 | D:7      | Killed a troll
  6614 | D:7      | Identified the +4 morningstar of the Harvest {flame, Int+3}
  6999 | D:7      | Noticed a cyclops
  7009 | D:7      | Killed a cyclops
  7010 | D:7      | Reached XP level 10. HP: 46/68 MP: 1/21
  7242 | D:8      | Found Leqachaawk's Tremendous Tomes.
  7325 | D:8      | Noticed Erica
  7334 | D:8      | Erica changed into Erica the death drake
  7334 | D:8      | Noticed Erica
  7338 | D:8      | Killed Erica the death drake
  7339 | D:8      | Reached skill level 1 in Armour
  7339 | D:8      | Reached skill level 5 in Conjurations
  7726 | D:8      | Reached * piety under Dithmenos
  8545 | D:9      | Noticed a two-headed ogre
  8550 | D:9      | Noticed a two-headed ogre
  8629 | D:8      | Reached ** piety under Dithmenos
  8711 | D:9      | Noticed a centaur warrior
  8713 | D:9      | Killed a two-headed ogre
  8840 | D:9      | Killed a centaur warrior
  8841 | D:9      | Gained mutation: You regenerate health from kills. [demonic
                  | ancestry]
  8841 | D:9      | Reached XP level 11. HP: 9/75 MP: 1/23
  9308 | D:9      | HP: 2/75 [two-headed ogre/+0 giant spiked club (20)]
  9309 | D:9      | Killed a two-headed ogre
  9504 | D:9      | Identified the ring "Cuysy" {Fly rPois rCorr Stlth+}
  9717 | D:9      | Found an ancient bone altar of Kikubaaqudgha.
  9735 | D:9      | Found a runed translucent gate.
  9735 | D:9      | Found a runed translucent gate.
  9825 | D:9      | Found a runed translucent gate.
  9827 | D:9      | Found the ring of the Tortoise {AC+8}
  9985 | D:10     | Entered Level 10 of the Dungeon
  9987 | D:10     | Noticed Grum
 10015 | D:10     | Found a blossoming altar of Fedhas.
 10388 | D:10     | Noticed Maggie
 10410 | D:10     | Killed Maggie
 10561 | D:10     | Noticed Erolcha
 10589 | D:10     | Mangled by Erolcha

Illustrated notes

Levels and vault maps discovered:
D:1:      psy_arrival_terrarium, layout_rooms, due_unseen_surprise
D:2:      layout_rooms, serial_aquarium, aquarium_bridge_island_small
          [aquarium_subvault_small_open, aquarium_subvault_bridge,
          aquarium_subvault_wall, aquarium_subvault_balcony,
          aquarium_subvault_balcony], aquarium_window_1, aquarium_window_fake,
          aquarium_view_2f, aquarium_view_2e
D:3:      layout_basic, amcnicky_altar_gilded, grunt_ministairs_13, uniq_jessica
D:4:      layout_loops_ring
D:5:      layout_loops_ring, okawaru_metal_pillars_1_2, kennysheep_slug_shrine,
          uniq_pikel, uniq_grinder, uniq_sigmund
D:6:      layout_gridville, amcnicky_mini_pool_small, uniq_menkaure
D:7:      layout_loops_ring, minmay_temple_entry_mist, corexii_checkpoint,
          minmay_hollow_rounded_squares, uniq_jeremiah
D:8:      nicolae_cairo_tiling, layout_loops_corners, nrook_campfire,
          nicolae_shop_i_like_big_books, uniq_erica
D:9:      lemuel_bear_cage, layout_cave_pools, kiku_gazebo_pond_becter
D:10:     layout_loops_cross, nicolae_overflow_crystal_walls, elyvilon_altar_5,
          hellmonk_lair_entry_icy, minmay_orc_entry_temple_small, uniq_erolcha,
          uniq_grum, uniq_maggie
Temple:   minmay_temple_bridge_d

Skill      XL: |  1  2  3  4  5  6  7  8  9 10 11 |
---------------+----------------------------------+-----
Stealth        | 2 3 4 5 |  5.6
Earth Magic    | 3 4 5 6 7 8 |  8.7
Spellcasting   | 3 4 5 6 7 8 |  8.8
Dodging        | 2 3 4 |  4.6
Short Blades   | 1 3 4 |  4.5
Fighting       | 1 2 3 |  3.8
Conjurations   | 3 4 6 |  6.4
Throwing       | 1 2 |  2.0
Armour         | 2 |  2.9

Action                     |  1- 3 |  4- 6 |  7- 9 | 10-12 || total
---------------------------+-------+-------+-------+-------++-------
  Melee: Dagger            |    17 |     6 |       |       ||    23
         Short sword       |       |    16 |    66 |   107 ||   189
         Headbutt          |       |     2 |    12 |    17 ||    31
  Throw: Dart              |     3 |     2 |    10 |    14 ||    29
   Cast: Sandblast         |    45 |    63 |    18 |     5 ||   131
         Passwall          |     2 |       |       |       ||     2
         Stone Arrow       |       |       |    66 |   123 ||   189
  Evoke: Wand              |       |       |       |     1 ||     1
    Use: Scroll            |     1 |       |    12 |     2 ||    15
         Potion            |       |       |     1 |     6 ||     7
   Stab: Sleeping          |     4 |     5 |     8 |     1 ||    18
         Invisible         |       |       |       |     1 ||     1
 Armour: Robe              |    13 |    36 |    89 |       ||   138
         Troll leather arm |       |       |     8 |   144 ||   152
  Dodge: Dodged            |    18 |    38 |    68 |   221 ||   345
